 Dungeon Crawl Stone Soup version 0.31.0 (webtiles) character file.

Game seed: 10260369649936065247

396 Chimkentus the Ruffian (level 6, -2/59 (61) HPs)
             Began as a Troll Monk on Jan 19, 2024.
             Slain by a wight
             ... wielding a +2 battleaxe of freezing
              (12 damage)
             ... on level 4 of the Dungeon.
             The game lasted 00:13:13 (2476 turns).

Chimkentus the Ruffian (Troll Monk)                 Turns: 2476, Time: 00:13:14

HP:   -2/59 (61)    AC:  4    Str: 22    XL:     6   Next: 52%
MP:   5/5           EV: 10    Int:  6    God:
Gold: 169           SH:  0    Dex: 12    Spells: 5/5 levels left

rFire   + .          .
                       - Unarmed
rCold   + + .        c - orb {light}
rNeg    . . .        a - +0 robe
rPois   .            (helmet restricted)
rElec   .            g - scarf {rC+ rF+}
rCorr   .            (gloves unavailable)
SInv    .            (boots unavailable)
Will    .....        (no amulet)
Stlth   +            j - ring of protection from cold
HPRegen 1.09/turn    (no ring)
MPRegen 0.09/turn

%: no passive effects
@: glowing, lightly drained
A: large, unfitting armour, claws 3, regeneration 1, shaggy fur 1, tough skin 1
a: no special abilities


You were on level 4 of the Dungeon.
You visited 1 branch of the dungeon, and saw 4 of its levels.

You collected 169 gold pieces.

Inventory:

Missiles
 p - 17 poisoned darts (quivered)
Armour
 a - a +0 robe (worn)
 c - an orb of light (worn)
 g - a scarf of resistance (worn)
 q - an orb of energy
Jewellery
 j - a ring of protection from cold (left claw)
 k - a ring of fire
Wands
 s - a wand of polymorph (1)
 u - a wand of flame (16)
Scrolls
 f - a scroll of blinking {unknown}
 m - 4 scrolls of amnesia
 n - a scroll of teleportation {unknown}
 o - a scroll of revelation {unknown}
 r - a scroll of immolation {unknown}
 t - a scroll of fear {unknown}
Potions
 b - a potion of ambrosia
 d - a potion of heal wounds {unknown}
 e - a potion of enlightenment
 h - 4 potions of curing
 i - 2 potions of magic
 l - a potion of attraction {unknown}


   Skills:
 * Level 3.4 Fighting
 * Level 2.4 Throwing
 + Level 3.1 Dodging
 + Level 5.5 Unarmed Combat


You had 5 spell levels left.
You didn't know any spells.
Your spell library contained the following spells:

 Spells                   Type           Power      Damage    Failure   Level
 Ensorcelled Hibernation  Hex/Ice        0%         N/A       58%         2
 Passwall                 Erth           0%         N/A       83%         3
 Swiftness                Air            0%         N/A       83%         3


Dungeon Overview and Level Annotations

Branches:
Dungeon (4/15)
 Temple: D:4-7

Altars:

Shops:
D:2 (


Innate Abilities, Weirdness & Mutations

You are too large for most types of armour.
You have claws for hands.
Your natural rate of healing is unusually fast.
You are covered in fur. (AC +1)
You have tough skin. (AC +1)


Message History

You claw the wight!
The wight is heavily damaged.
The wight hits you with a +0 battleaxe!
You feel drained.
You are too injured to fight recklessly!
You are too injured to fight recklessly!
You are too injured to fight recklessly!
You are too injured to fight recklessly!
You are too injured to fight recklessly!
You scratch the wight.
The wight is severely damaged.
The wight closely misses you.
A wight comes into view.
It is wielding a +2 battleaxe of freezing.
You scratch the wight.
The wight is almost destroyed.
The wight barely misses you.
You scratch the wight.
You destroy the wight!
Your life force feels restored.
There is an open door here.
The wight attacks as it pursues you!
The wight hits you with a +2 battleaxe of freezing.
The wight attacks as it pursues you!
The wight hits you with a +2 battleaxe of freezing!
* * * LOW HITPOINT WARNING * * *
You feel drained.
* * * LOW HITPOINT WARNING * * *
You feel better. The wight closely misses you.
You barely miss the wight.
The wight hits you with a +2 battleaxe of freezing!
* * * LOW HITPOINT WARNING * * *
The wight freezes you.
* * * LOW HITPOINT WARNING * * *
Unknown command.
Okay, then.
You feel better.
The wight hits you with a +2 battleaxe of freezing.
* * * LOW HITPOINT WARNING * * *
The wight attacks as it pursues you!
The wight hits you with a +2 battleaxe of freezing!
You die...

# ..# '.' ##........## .. ..###.#
#........## .. ##..#.).+
##..#...## ### .# ...# #.#
#..###..# ##.# .# ####..#####'#
###.##..####..# .####.......#8#.#
#...#..##.##)))
..........##....###..........#.)>
...)......##...z#.#..............
..##......##....@..(.............
#.##......###...#.^..#....###....
#..#.....###....#.#####....##...#
...#......#........# #.....#....#
####.............### #.#.........
#.................####.##........
.....##............##...#.#...###
...####...................#..>.#.
#### #......####...#.###.##.....


You could see a wight.

Vanquished Creatures
  A water moccasin (D:4)
  A wight (D:4)
  An orc priest (D:3)
  Terence (D:3)
  2 orc wizards
  A howler monkey zombie (D:4)
  3 adders
  2 dart slugs
  9 orcs
  14 endoplasms
  2 giant cockroaches (D:2)
  7 goblins
  5 hobgoblins
  4 jackals (D:1)
  A quokka (D:2)
  9 ball pythons
  3 bats (D:1)
  4 frilled lizards
  5 kobolds
  7 rats
82 creatures vanquished.

Notes
Turn   | Place    | Note
-------+----------+-------------------------------------------
     0 | D:1      | Chimkentus the Troll Monk began the quest for the Orb.
     0 | D:1      | Reached XP level 1. HP: 22/22 MP: 0/0
   165 | D:1      | Reached XP level 2. HP: 29/29 MP: 1/1
   369 | D:1      | Reached XP level 3. HP: 36/36 MP: 2/2
   695 | D:2      | Found Kufedou's Weapon Emporium.
   991 | D:2      | Found a faded altar of an unknown god.
  1300 | D:2      | Reached skill level 1 in Throwing
  1483 | D:3      | Noticed Terence
  1502 | D:3      | Killed Terence
  1503 | D:3      | Reached XP level 4. HP: 33/45 MP: 3/3
  1648 | D:3      | Reached skill level 4 in Unarmed Combat
  1700 | D:3      | Reached XP level 5. HP: 53/53 MP: 4/4
  2123 | D:4      | Noticed a water moccasin
  2130 | D:4      | Killed a water moccasin
  2131 | D:4      | Reached skill level 5 in Unarmed Combat
  2131 | D:4      | Reached XP level 6. HP: 45/61 MP: 5/5
  2474 | D:4      | HP: 1/59 [wight/+2 battleaxe of freezing (2)]
  2476 | D:4      | Slain by a wight

Illustrated notes

Levels and vault maps discovered:
D:1:      wander_arrival_estate, layout_loops_ring
D:2:      minmay_chambers_of_ones, layout_loops_ring,
          dreamdust_ecumenical_altar_angels_and_demons, serial_shops, shop
D:3:      layout_rooms, st_stairs_2, uniq_terence
D:4:      layout_cave_pools, lemuel_mausoleum_altar_yredelemnul

Skill      XL: |  1  2  3  4  5 |
---------------+----------------+-----
Fighting       | 3 |  3.4
Throwing       | 1 2 |  2.4
Unarmed Combat | 4 5 |  5.5
Dodging        | 3 |  3.1

Action                     |  1- 3 |  4- 6 || total
---------------------------+-------+-------++-------
  Melee: Unarmed           |    99 |    78 ||   177
  Throw: Dart              |     4 |    15 ||    19
    Use: Scroll            |     4 |       ||     4
         Potion            |       |     2 ||     2
 Armour: Robe              |    48 |    61 ||   109
  Dodge: Dodged            |    38 |    38 ||    76
